 Dungeon Crawl Stone Soup version 0.21.1-1-g345015f (webtiles) character file.

322 Shenanicrawl the Ducker (level 6, 0/46 HPs)
             Began as a Merfolk Ice Elementalist on Feb 20, 2018.
             Was an Initiate of Makhleb.
             Killed from afar by an orc wizard (3 damage)
             ... with a magic dart
             ... on level 4 of the Dungeon.
             The game lasted 00:28:01 (4818 turns).

Shenanicrawl the Ducker (Merfolk Ice Elementalist)  Turns: 4818, Time: 00:28:02

Health: 0/46       AC:  6    Str:  8    XL:     6   Next: 47%
Magic:  6/10       EV: 14    Int: 15    God:    Makhleb [......]
Gold:   75         SH:  3    Dex: 16    Spells: 5/11 levels left

rFire    . . .     SeeInvis .   A - +0 spear
rCold    . . .     Gourm    .   n - +0 buckler
rNeg     . . .     Faith    .   a - +0 robe
rPois    .         Spirit   .   x - +0 helmet
rElec    .         Reflect  .   u - +0 cloak
rCorr    .         Harm     .   s - +0 pair of gloves
MR       .....                  q - +0 pair of boots
Stlth    +++.......             (no amulet)
HPRegen  0.15/turn              (no ring)
MPRegen  0.12/turn              (no ring)

@: flying
A: change form in water, swift swim, stealthy swim
a: Renounce Religion


You were on level 4 of the Dungeon.
You worshipped Makhleb.
Makhleb was noncommittal.
You were very hungry.

You visited 1 branch of the dungeon, and saw 4 of its levels.

You collected 75 gold pieces.

Inventory:

Hand Weapons
 d - a +0 club
 g - a cursed -1 dagger
 o - a +0 hunting sling
 t - a +4 quarterstaff of chaos
 w - a +4 shortbow
 z - a +1 dagger of protection
 A - a +0 spear (weapon)
Armour
 a - a +0 robe (worn)
 n - a +0 buckler (worn)
 q - a +0 pair of boots (worn)
 s - a +0 pair of gloves (worn)
 u - a +0 cloak (worn)
 x - a +0 helmet (worn)
Jewellery
 D - a cursed ring of loudness {unknown}
Scrolls
 f - a scroll of amnesia {unknown}
 h - 5 scrolls of identify {unknown}
 j - 3 scrolls of enchant weapon {unknown}
 k - 2 scrolls of fear {unknown}
 v - 2 scrolls of teleportation {unknown}
 y - a scroll of magic mapping {unknown}
 B - a scroll of immolation {unknown}
 C - a scroll of remove curse {unknown}
Potions
 c - a potion of lignification {unknown}
 e - a potion of flight
 i - 2 potions of curing
 l - a potion of might {unknown}
 m - a potion of mutation {unknown}
 r - a potion of cancellation {unknown}
Books
 b - a book of Frost

   Spells                             Type                      Level
   a - Freeze                         Ice                          1
   b - Throw Frost                    Conjuration/Ice              2
   c - Ozocubu's Armour               Charms/Ice                   3
   d - Throw Icicle                   Conjuration/Ice              4
   e - Summon Ice Beast               Ice/Summoning                4
 E - a book of Misfortune

   Spells                             Type                      Level
   a - Confusing Touch                Hexes                        1
   b - Confuse                        Hexes                        3
   c - Gell's Gravitas                Translocation                3
   d - Petrify                        Transmutation/Earth          4
   e - Metabolic Englaciation         Hexes/Ice                    5
   f - Yara's Violent Unravelling     Hexes/Transmutation          5
Comestibles
 p - 2 rations


   Skills:
 + Level 2.7 Fighting
 * Level 2.2 Polearms
 + Level 4.4 Dodging
 + Level 3.9 Stealth
 + Level 3.1 Spellcasting
 - Level 0.7 Conjurations
 + Level 4.3 Ice Magic


You had 5 spell levels left.
You knew the following spells:

 Your Spells              Type           Power        Failure   Level  Hunger
a - Freeze                Ice            ###.         5%          1    #......
b - Throw Frost           Conj/Ice       #.....       19%         2    ##.....
c - Ozocubu's Armour      Chrm/Ice       #.......     38%         3    ###....


Dungeon Overview and Level Annotations

Branches:
Dungeon (4/15)
 Temple: D:4-7

Altars:
Fedhas
Gozag
Makhleb
Okawaru
Trog
Vehumet
Xom

Annotations:
D:3 buskinjo's ghost, amateur DrTm


Message History

Deactivating autopickup; reactivate with Ctrl-A.
Casting: Freeze
Confirm with . or Enter, or press ? or * to list all spells.
Aiming: Throw Frost
Press: ? - help, Shift-Dir - straight line, f - orc
Aim: an orc, wielding a dagger The puff of frost misses the orc.
You hear some strange, mumbled words.
You are confused.
You completely miss something. Something hits you.
* * * LOW HITPOINT WARNING * * *
Your magical contamination has completely faded away.
You feel better.
You hear some strange, mumbled words.
A magic dart appears from out of thin air!
The magic dart hits you!
* * * LOW HITPOINT WARNING * * *
A magic dart appears from out of thin air!
The magic dart hits you!
You die...

.###.#..#####....#
........).......#
.###.#..#####.###
........# #.#
##.####)# #.# #o#
#.# #{# #.# #.#
#.# #@# #.# #.#
#.# #.# #.# #?#
#.# #.# #.# #.#
#.# #.#####.####
#..Z.......#
#######..#.#######


You could see an orc.

Vanquished Creatures
  A hound (D:4)
  3 orc wizards
  Crazy Yiuf (D:2)
  A worker ant (D:4)
  3 gnolls (D:3)
  6 adders
  2 adder skeletons (D:4)
  A worm (D:2)
  2 dart slugs (D:3)
  2 leopard geckos
  7 orcs
  8 bats
  2 giant cockroaches
  4 goblins
  7 hobgoblins
  3 jackals (D:4)
  A ball python (D:2)
  A frilled lizard (D:1)
  8 kobolds
  2 rats
65 creatures vanquished.

Notes
Turn   | Place    | Note
-------+----------+-------------------------------------------
     0 | D:1      | Shenanicrawl the Merfolk Ice Elementalist began the quest for the Orb.
     0 | D:1      | Reached XP level 1. HP: 13/13 MP: 3/3
   368 | D:1      | Reached XP level 2. HP: 17/20 MP: 1/5
  1324 | D:2      | Reached skill level 1 in Fighting
  1351 | D:3      | Noticed buskinjo's ghost (amateur DrTm)
  1355 | D:2      | Found a bloodstained altar of Trog.
  1430 | D:2      | Found a burning altar of Makhleb.
  1436 | D:2      | Reached XP level 3. HP: 21/26 MP: 0/6
  1437 | D:2      | Found an opulent altar of Gozag.
  1438 | D:2      | Found a shimmering altar of Xom.
  1446 | D:2      | Found a blossoming altar of Fedhas.
  1447 | D:2      | Found a radiant altar of Vehumet.
  1465 | D:2      | Became a worshipper of Makhleb the Destroyer
  1541 | D:2      | Found an iron altar of Okawaru.
  2318 | D:2      | Found a runed door.
  2325 | D:2      | Learned a level 2 spell: Throw Frost
  2329 | D:2      | Learned a level 3 spell: Ozocubu's Armour
  2335 | D:2      | Noticed Crazy Yiuf
  2464 | D:2      | Killed Crazy Yiuf
  2464 | D:2      | Reached XP level 4. HP: 17/32 MP: 0/7
  3407 | D:2      | Reached XP level 5. HP: 14/38 MP: 0/9
  4327 | D:4      | Reached skill level 1 in Polearms
  4471 | D:4      | Reached XP level 6. HP: 31/46 MP: 10/10
  4677 | D:4      | Noticed a phantom
  4806 | D:4      | HP: 2/46 [orc wizard/magic dart (10)]
  4818 | D:4      | Killed from afar by an orc wizard

Skill      XL: |  1  2  3  4  5  6 |
---------------+-------------------+-----
Dodging        | 3 4 |  4.4
Fighting       | 1 2 |  2.7
Stealth        | 3 |  3.9
Ice Magic      | 4 |  4.3
Polearms       | 1 2 |  2.2
Spellcasting   | 3 |  3.1
Conjurations   | |  0.7

Action                   |  1- 3 |  4- 6 || total
-------------------------+-------+-------++-------
Melee: Unarmed           |     3 |       ||     3
       Club              |    39 |    19 ||    58
       Spear             |       |   125 ||   125
       Dagger            |       |    11 ||    11
 Cast: Freeze            |    48 |    54 ||   102
       Throw Frost       |     6 |     3 ||     9
       Ozocubu's Armour  |       |     1 ||     1
  Use: Potion            |       |     3 ||     3
 Stab: Sleeping          |     3 |       ||     3
  Eat: Ration            |     1 |     2 ||     3
       Chunk             |     2 |     1 ||     3
Armor: Robe              |    11 |    53 ||    64
Dodge: Dodged            |    53 |   109 ||   162
Block: Buckler           |       |    27 ||    27
